 Dungeon Crawl Stone Soup version 0.29-a0-284-gf9362112df (webtiles) character file.

Game seed: 1897920769224247435

7906 flyleaff the Carver (level 11, -8/144 HPs)
             Began as a Troll Monk on Mar 16, 2022.
             Was a High Priest of Hepliaklqana.
             Mangled by a gnoll sergeant
             ... wielding a +1 vorpal trident
              (16 damage)
             ... on level 9 of the Dungeon.
             The game lasted 00:21:27 (7543 turns).

flyleaff the Carver (Troll Monk)                    Turns: 7543, Time: 00:21:27

Health: -8/144     AC:  6    Str: 21    XL:     11   Next: 2%
Magic:  12/12      EV: 16    Int: 10    God:    Hepliaklqana [*****.]
Gold:   277        SH:  0    Dex: 17    Spells: 8/10 levels left

rFire   . . .      SeeInvis .   v - +7 great sword of World's End {holy, Dex+5}
rCold   . . .      Faith    .   (shield currently unavailable)
rNeg    . . .      Spirit   .   A - +2 robe of the Original Sin {rElec rCorr Stlth-}
rPois   +          Reflect  .   (helmet restricted)
rElec   +          Harm     .   (no cloak)
rCorr   +          Rampage  .   (gloves unavailable)
Will    .....                   (boots unavailable)
Stlth   ..........              (no amulet)
HPRegen 1.14/turn               x - +4 ring of evasion
MPRegen 0.13/turn               u - ring of poison resistance

@: berserking, hasted, very quick
A: reduced essence, large, unfitting armour, claws 3, regeneration 1, shaggy fur
1, tough skin 1
a: Renounce Religion, Recall Ancestor, Ancestor Identity, Transference, Idealise


You were on level 9 of the Dungeon.
You worshipped Hepliaklqana.
Hepliaklqana was extremely pleased with you.
You visited 1 branch of the dungeon, and saw 9 of its levels.

You collected 576 gold pieces.
You spent 299 gold pieces at shops.

Inventory:

Hand Weapons
 j - a +0 dire flail
 v - the +7 great sword of World's End (weapon) {holy, Dex+5}
   (You bought it in a shop on level 5 of the Dungeon)

   It has been blessed by the Shining One to cause great damage to the undead
   and demons.
   Dex:       It affects your dexterity (+5).
Missiles
 d - 5 large rocks
 h - a throwing net
 o - 47 poisoned darts (quivered)
 p - 5 curare-tipped darts
 D - 4 atropa-tipped darts
Armour
 a - a +0 robe
 b - a +2 robe of fire resistance
 A - the +2 robe of the Original Sin (worn) {rElec rCorr Stlth-}
   (You found it on level 8 of the Dungeon)

   rElec:     It insulates you from electricity.
   rCorr:     It protects you from acid and corrosion.
   Stlth:     It makes you less stealthy.
Jewellery
 f - a ring of resist corrosion
 k - a ring of ice
 r - a ring of willpower
 s - a ring of positive energy
 u - a ring of poison resistance (right claw)
 x - a +4 ring of evasion (left claw)
 C - a ring of willpower
 G - a ring of wizardry
 I - a +6 ring of intelligence
Wands
 c - a wand of flame (9)
 n - a wand of acid (4)
 w - a wand of polymorph (8)
Scrolls
 e - 2 scrolls of immolation
 g - 4 scrolls of teleportation
 i - 2 scrolls of magic mapping
 l - a scroll of holy word
 m - 3 scrolls of fear
 y - 2 scrolls of blinking
Potions
 q - a potion of magic
 t - a potion of flight
 z - a potion of heal wounds
 B - a potion of curing
 E - a potion of lignification
 H - a potion of resistance


   Skills:
 + Level 6.7 Fighting
 - Level 8.2 Long Blades
 + Level 5.5 Throwing
 + Level 3.6 Armour
 + Level 4.5 Dodging
 - Level 1.0 Stealth
 - Level 7.3 Unarmed Combat
 - Level 3.1 Invocations


You had 8 spell levels left.
You knew the following spells:

 Your Spells              Type           Power      Damage    Failure   Level
a - Wereblood             Tmut           0%         N/A       50%         2

Your spell library contained the following spells:

 Spells                   Type           Power      Damage    Failure   Level
 Animate Skeleton         Necr           0%         N/A       36%         1
 Apportation              Tloc           0%         N/A       36%         1
 Summon Small Mammal      Summ           0%         N/A       36%         1
 Corpse Rot               Necr/Air       0%         N/A       50%         2
 Sublimation of Blood     Necr           0%         N/A       50%         2
 Frozen Ramparts          Ice            0%         1d2       75%         3
 Tukima's Dance           Hex            0%         N/A       75%         3
 Anguish                  Hex/Necr       0%         N/A       98%         4
 Dispel Undead            Necr           0%         3d6       98%         4
 Ice Form                 Ice/Tmut       0%         N/A       98%         4
 Summon Ice Beast         Ice/Summ       0%         N/A       98%         4
 Blade Hands              Tmut           0%         N/A       100%        5
 Irradiate                Conj/Tmut      0%         3d13      100%        5
 Death Channel            Necr           0%         N/A       100%        6
 Dragon Form              Tmut           0%         N/A       100%        7
 Enfeeble                 Hex            0%         N/A       100%        7
 Summon Hydra             Summ           0%         N/A       100%        7


Dungeon Overview and Level Annotations

Branches:
Dungeon (9/15)             Temple (0/1) D:6             Orc (0/2) D:9
   Lair: D:8-11

Altars:
Gozag
Hepliaklqana
Sif Muna

Shops:
D:5 (   D:6 =   D:9 *

Annotations:
D:9 3 runed translucent doors, IdlyInterested's ghost, novice DsGl


Innate Abilities, Weirdness & Mutations

Your life essence is reduced to manifest your ancestor. (-10% HP)
You are too large for most types of armour.
You have claws for hands.
Your natural rate of healing is unusually fast.
You are covered in fur. (AC +1)
You have tough skin. (AC +1)


Message History

The howler monkey barely misses the orc.
You are too injured to fight recklessly!
Unknown command.
You are too injured to fight recklessly!
You are too injured to fight recklessly!
It was a potion of haste.
You feel yourself speed up.
The orc warrior hits you with a +1 vorpal war axe!!
* * * LOW HITPOINT WARNING * * *
Thanos casts a spell at the howler monkey.
The howler monkey appears confused.
The howler monkey hits the orc but does no damage.
A red film seems to cover your vision as you go berserk!
You feel yourself moving faster!
You feel mighty!
The orc warrior hits you with a +1 vorpal war axe!
* * * LOW HITPOINT WARNING * * *
x2 The gnoll sergeant closely misses you.
The howler monkey barely misses you.
The howler monkey closely misses itself.
You slice the orc warrior!!
The orc warrior is almost dead.
You slash the orc warrior!
You kill the orc warrior!
The gnoll sergeant barely misses you.
Thanos points at the howler monkey and mumbles some strange words.
The howler monkey resists with significant effort.
You slice the orc!!
You kill the orc!
The howler monkey closely misses you.
The howler monkey hits itself.
The gnoll sergeant hits you from afar with a +1 vorpal trident!
* * * LOW HITPOINT WARNING * * *
x2 You hit the gnoll.
The gnoll is heavily wounded.
The orc suddenly cheers, in orcish tradition.
The gnoll hits you with a +0 flail of protection!
* * * LOW HITPOINT WARNING * * *
The gnoll sergeant barely misses you.
You slash the gnoll!
You kill the gnoll!
The howler monkey closely misses you.
The gnoll sergeant hits you from afar with a +1 vorpal trident!
You die...

#....# #..
#.##.######
###
#.........#
#.........#
#.#.......#
#.........#
#.........#
##
#..#...##R#
#.
#......##@#
#.
#....K.ggh#
#.
#......gKo#
##
#.......go#
#........g.
##.......
.........
......####


You could see the friendly Thanos the hexer, a gnoll sergeant, a howler monkey
(confused, ally target), 4 gnolls, 2 orcs and 2 kobolds.

Vanquished Creatures
  A centaur warrior (D:8)
  A cyclops (D:8)
  A kobold demonologist (D:8)
  2 trolls
  Grinder (D:3)
  2 wraiths (D:9)
  Eustachio (D:6)
  2 wyverns (D:8)
  2 steam dragons (D:8)
  Duvessa (D:5)
  An acid dragon (D:9)
  2 water moccasins
  3 ice beasts
  6 orc warriors
  A black bear (D:6)
  2 centaurs (D:8)
  5 kobold brigands
  2 bullfrogs (D:9)
  3 necrophages
  2 scorpions (D:5)
  8 wights
  Dowan (D:5)
  2 killer bees (D:8)
  5 howler monkeys
  2 hounds
  A jelly (D:6)
  4 orc priests
  3 iguanas
  Terence (D:3)
  4 orc wizards
  5 adders
  A gnoll (D:9)
  A white imp (D:7)
  3 dart slugs
  17 orcs
  5 ball pythons
  11 endoplasms
  5 giant cockroaches
  10 goblins
  7 hobgoblins
  8 jackals
  17 kobolds
  4 quokkas
  3 bats
  3 frilled lizards
  8 rats
180 creatures vanquished.

Vanquished Creatures (collateral kills)
  A two-headed ogre (D:9)
  2 hornets (D:9)
  The ghost of rabbitsville the Covert, an amateur SpBr (D:4)
  A kobold brigand (D:8)
  2 bullfrogs (D:8)
  A scorpion (D:5)
  An orc priest (D:8)
  3 orc wizards
  5 orcs
  2 goblins
  A hobgoblin (D:1)
  2 kobolds (D:6)
  A ball python (D:1)
  2 rats (D:2)
25 creatures vanquished.

Vanquished Creatures (others)
  A hexer (D:5)
1 creature vanquished.

Grand Total: 206 creatures vanquished

Notes
Turn   | Place    | Note
-------+----------+-------------------------------------------
     0 | D:1      | flyleaff the Troll Monk began the quest for the Orb.
     0 | D:1      | Reached XP level 1. HP: 22/22 MP: 0/0
   162 | D:1      | Reached XP level 2. HP: 29/29 MP: 1/1
   235 | D:1      | Found a faded altar of an unknown god.
   250 | D:1      | Prayed at the altar of an unknown god.
   250 | D:1      | Became a worshipper of Hepliaklqana the Forgotten
   250 | D:1      | Reached * piety under Hepliaklqana
   250 | D:1      | Reached ** piety under Hepliaklqana
   251 | D:1      | Remembered your ancestor Thanos as a hexer
   423 | D:1      | Reached XP level 3. HP: 29/33 MP: 2/2
   507 | D:1      | Reached *** piety under Hepliaklqana
  1639 | D:3      | Noticed Grinder
  1648 | D:3      | Killed Grinder
  1649 | D:3      | Reached skill level 5 in Unarmed Combat
  1649 | D:3      | Reached XP level 4. HP: 16/43 MP: 3/3
  1649 | D:3      | Reached XP level 5. HP: 18/48 MP: 4/4
  1772 | D:3      | Reached **** piety under Hepliaklqana
  1882 | D:3      | Noticed Terence
  1888 | D:3      | Killed Terence
  1889 | D:3      | Reached XP level 6. HP: 52/56 MP: 5/5
  1898 | D:3      | Learned a level 2 spell: Wereblood
  1915 | D:3      | You fall into a shaft and drop 3 floors!
  1934 | D:6      | Found a staircase to the Ecumenical Temple.
  1944 | D:5      | Entered Level 5 of the Dungeon
  2015 | D:5      | Reached skill level 1 in Invocations
  2015 | D:5      | Noticed an orc warrior
  2055 | D:5      | Reached XP level 7. HP: 28/63 MP: 5/7
  2410 | D:3      | Found a shimmering blue altar of Sif Muna.
  2615 | D:4      | Reached skill level 5 in Fighting
  2710 | D:4      | Found a large runed translucent door.
  2711 | D:4      | Found a large runed translucent door.
  2714 | D:4      | Noticed rabbitsville's ghost (amateur SpBr)
  2833 | D:4      | Killed rabbitsville's ghost
  3370 | D:5      | Noticed Duvessa
  3370 | D:5      | Noticed Dowan
  3381 | D:5      | Killed Duvessa
  3382 | D:5      | Reached XP level 8. HP: 49/72 MP: 5/9
  3387 | D:5      | Killed Dowan
  3388 | D:5      | Reached skill level 1 in Throwing
  3931 | D:5      | Found Rulawke's Antique Weapon Emporium.
  4087 | D:5      | Bought a scorched great sword for 299 gold pieces
  4087 | D:5      | Identified the +7 great sword of World's End {holy, Dex+5}
                  | (You bought it in a shop on level 5 of the Dungeon)
  4145 | D:6      | Reached skill level 1 in Long Blades
  4157 | D:6      | Reached skill level 2 in Long Blades
  4187 | D:6      | Reached skill level 3 in Long Blades
  4432 | D:6      | Reached ***** piety under Hepliaklqana
  4446 | D:6      | Reached skill level 4 in Long Blades
  4518 | D:6      | Found Zoyty's Jewellery Shop.
  4559 | D:6      | Noticed Eustachio
  4571 | D:6      | Killed Eustachio
  4586 | D:6      | Reached skill level 5 in Long Blades
  4718 | D:6      | Reached XP level 9. HP: 79/79 MP: 10/10
  5243 | D:7      | Reached skill level 6 in Long Blades
  5321 | D:7      | Noticed a troll
  5329 | D:7      | Killed a troll
  5828 | D:8      | Reached skill level 7 in Long Blades
  5989 | D:8      | Noticed a kobold demonologist
  5993 | D:8      | Noticed a smoke demon
  5994 | D:8      | Noticed a red devil
  5998 | D:8      | Noticed a sun demon
  6001 | D:8      | Killed a kobold demonologist
  6119 | D:8      | Reached skill level 8 in Long Blades
  6151 | D:8      | Identified the +2 robe of the Original Sin {rElec rCorr
                  | Stlth-}
  6167 | D:8      | Reached XP level 10. HP: 66/86 MP: 11/11
  6295 | D:8      | Reached skill level 1 in Armour
  6395 | D:8      | Noticed a cyclops
  6396 | D:8      | Noticed a centaur warrior
  6399 | D:8      | Killed a centaur warrior
  6402 | D:8      | Killed a cyclops
  6821 | D:9      | Reached skill level 5 in Throwing
  7001 | D:9      | Noticed a two-headed ogre
  7009 | D:9      | Killed a two-headed ogre
  7010 | D:9      | Found a staircase to the Orcish Mines.
  7237 | D:9      | Found a runed translucent gate.
  7238 | D:9      | Found a runed translucent gate.
  7238 | D:9      | Found an opulent altar of Gozag.
  7239 | D:9      | Found a runed translucent gate.
  7247 | D:9      | Found Buoros's Assorted Antiques.
  7247 | D:9      | Noticed IdlyInterested's ghost (novice DsGl)
  7428 | D:9      | Reached XP level 11. HP: 96/96 MP: 12/12
  7507 | D:9      | Identified the +1 chain mail "Feyt" {SInv}
  7542 | D:9      | HP: 7/144 [gnoll/+0 flail of protection (9)]
  7543 | D:9      | Mangled by a gnoll sergeant

Illustrated notes

Levels and vault maps discovered:
D:1:      minmay_arrival_three_doors, layout_basic,
          shapermc_ecumenical_altar_totnotflames, chequers_avenue,
          kennysheep_boxes
D:2:      layout_basic, serial_rivers, chequers_serial_rivers_micro_e,
          chequers_serial_rivers_micro_b, chequers_serial_rivers_small_b,
          chequers_serial_rivers_micro_b, chequers_serial_rivers_room_a
D:3:      layout_rooms, nicolae_overflow_crystal_walls, uniq_terence,
          uniq_grinder
D:4:      layout_loops_corners, ebering_ghost_disaster_area
D:5:      layout_loops_ring, serial_shops, kennysheep_mini_moat, uniq_duvessa
D:6:      layout_loops_corners, minmay_temple_entry_crystal_x, serial_shops,
          nicolae_diamond_shop, uniq_eustachio
D:7:      layout_basic
D:8:      kennysheep_windowed_halls, layout_basic
D:9:      layout_stronghold, orc_0_dummy, ebering_ghost_gozag, st_stairs_5

Skill      XL: |  1  2  3  4  5  6  7  8  9 10 |
---------------+-------------------------------+-----
Fighting       | 3 4 5 6 |  6.7
Unarmed Combat | 5 6 7 |  7.3
Invocations    | 1 2 3 |  3.1
Throwing       | 1 3 5 |  5.5
Long Blades    | 5 8 |  8.2
Armour         | 3 |  3.6
Dodging        | 4 |  4.5
Stealth        | |  1.0

Action                   |  1- 3 |  4- 6 |  7- 9 | 10-12 || total
-------------------------+-------+-------+-------+-------++-------
Melee: Unarmed           |   107 |    44 |   183 |       ||   334
       Punch             |       |     1 |     8 |       ||     9
       Great sword       |       |       |    34 |   106 ||   140
Throw: Dart              |       |       |     5 |       ||     5
 Cast: Wereblood         |       |       |     1 |       ||     1
Invok: Ancestor Life: He |     1 |       |       |       ||     1
       Ancestor Identity |     1 |       |       |       ||     1
       Recall Ancestor   |       |     1 |     3 |       ||     4
       Transference      |       |       |     1 |       ||     1
Evoke: Wand              |       |       |     4 |       ||     4
  Use: Potion            |       |     5 |     7 |     2 ||    14
       Scroll            |       |       |    14 |     3 ||    17
 Stab: Sleeping          |     5 |     2 |     3 |       ||    10
       Confused          |     1 |       |     1 |     1 ||     3
       Invisible         |       |       |     2 |       ||     2
       Distracted        |       |       |     2 |     2 ||     4
Armor: Robe              |    30 |    14 |    55 |    30 ||   129
Dodge: Dodged            |    33 |    29 |   107 |   134 ||   303

Table legend: (Time is in decaauts)
 A = Elapsed time spent in this place.
 B = Non-inter-level travel time spent in this place.
 C = Inter-level travel time spent in this place.
 D = Time resting spent in this place.
 E = Time spent auto-exploring this place.
 F = Levels seen in this place.
 G = Mean time per level.
                   A        B        C        D        E       F      G
               +--------+--------+--------+--------+--------+-----+--------+
         Total |   7555 |   7157 |    398 |      3 |   5819 |   9 |  839.4 |
       Dungeon |   7555 |   7157 |    398 |      3 |   5819 |   9 |  839.4 |
               +--------+--------+--------+--------+--------+-----+--------+

Top non-repeatable levels by time:
     D:1: 1044 daAuts
     D:8: 1034 daAuts
     D:6: 953 daAuts
     D:4: 938 daAuts
     D:5: 908 daAuts
     D:9: 779 daAuts
     D:7: 771 daAuts
     D:2: 575 daAuts
     D:3: 549 daAuts
